| TOP OF THE 1ST |
|
Kennewick Bear Cubs batting - Pitching for Modesto Nuts : RHP Kevin Price
|
|
Pitching: RHP Kevin Price
|
|
|
Batting: LHB Russell Morena
|
0-0: Ball 1-0: Swinging Strike 1-1: Swinging Strike 1-2: Foul Ball, location: 2F 1-2: Ball 2-2: SINGLE (Flyball, 9LS, EV 95.0 MPH)
|
|
Batting: SHB Eriberto Them
|
0-0: Ball 1-0: Called Strike 1-1: Foul Ball, location: 2F 1-2: Ball 2-2: Strikes out swinging
|
|
Batting: LHB Jose Birriel
|
0-0: Foul Ball, location: 2F 0-1: SINGLE (Line Drive, 7LS, EV 113.1 MPH) Russell Morena to second
|
|
Batting: RHB Jonathan Black
|
0-0: Ball 1-0: Fly out, F4 (Popup, 4S, EV 78.8 MPH)
|
|
Batting: LHB Rob Nelson
|
0-0: Ball 1-0: Foul Ball, location: 2F 1-1: DOUBLE (Line Drive, 7LS, EV 110.6 MPH) Russell Morena scores Jose Birriel to third Runner from 3rd tries for Home, SAFE, throw by LF to home
|
|
Batting: RHB Ruben Machado
|
0-0: Called Strike 0-1: Ball 1-1: Ball 2-1: TRIPLE (Line Drive, 78XD, EV 111.3 MPH) Rob Nelson scores
|
|
Batting: LHB Tony Diaz
|
0-0: Called Strike 0-1: Swinging Strike 0-2: Strikes out looking
|
| Top of the 1st over - 3 runs, 4 hits, 0 errors, 1 left on base; Kennewick 3 - Modesto 0 |
| BOTTOM OF THE 1ST |
|
Modesto Nuts batting - Pitching for Kennewick Bear Cubs : LHP Kevin Brown
|
|
Pitching: LHP Kevin Brown
|
|
|
Batting: RHB Mike Miller
|
0-0: Ball 1-0: Ball 2-0: Ball 3-0: Called Strike 3-1: Foul Ball, location: 2F 3-2: Ground out 5-3 (Groundball, 56, EV 103.1 MPH)
|
|
Batting: RHB Johnny Tutt
|
0-0: Called Strike 0-1: Called Strike 0-2: Strikes out looking
|
|
Batting: LHB Dave McLaughlin
|
0-0: Fly out, F8 (Flyball, 8RD, EV 83.1 MPH)
|
| Bottom of the 1st over - 0 runs, 0 hits, 0 errors, 0 left on base; Kennewick 3 - Modesto 0 |
| TOP OF THE 2ND |
|
Kennewick Bear Cubs batting - Pitching for Modesto Nuts : RHP Kevin Price
|
|
Batting: RHB Kenneth Whitfield
|
0-0: Fly out, F8 (Flyball, 8RXD, EV 96.9 MPH)
|
|
Batting: LHB John Mizerock
|
0-0: Ball 1-0: Ball 2-0: Called Strike 2-1: Ball 3-1: Foul Ball, location: 2F 3-2: Base on Balls
|
|
Batting: LHB Russell Morena
|
0-0: Fielders Choice at 2nd, 6-4 (Groundball, 6S, EV 82.5 MPH)
|
|
Batting: SHB Eriberto Them
|
0-0: Called Strike Russell Morena steals 2nd base 0-1: Ball 1-1: Fly out, F8 (Flyball, 8RM, EV 91.9 MPH)
|
| Top of the 2nd over - 0 runs, 0 hits, 0 errors, 1 left on base; Kennewick 3 - Modesto 0 |
| BOTTOM OF THE 2ND |
|
Modesto Nuts batting - Pitching for Kennewick Bear Cubs : LHP Kevin Brown
|
|
Batting: RHB Antonio Lopez
|
0-0: Ball 1-0: Ball 2-0: Ball 3-0: Called Strike 3-1: Foul Ball, location: 2F 3-2: Foul Ball, location: 2F 3-2: SOLO HOME RUN (Line Drive, 7LD, EV 107.5 MPH), Distance : 363 ft
|
|
Batting: RHB James Cecchini
|
0-0: Called Strike 0-1: Ball 1-1: SINGLE (Groundball, 6MD, EV 100.6 MPH)
|
|
Batting: LHB Nelson Burciaga
|
0-0: Ball 1-0: Called Strike 1-1: SINGLE (Flyball, 56D, EV 95.6 MPH) James Cecchini to second
|
|
Batting: RHB Andre Lowe
|
0-0: Ball 1-0: Foul Ball, location: 2F 1-1: Foul Ball, location: 2F 1-2: Fly out, F7 (Flyball, 7, EV 95.0 MPH)
|
|
Batting: RHB Jesus Vila
|
0-0: Called Strike 0-1: Ball 1-1: Ball 2-1: Ball 3-1: Swinging Strike 3-2: Foul Ball, location: 2F 3-2: Base on Balls James Cecchini to third Nelson Burciaga to second
|
|
Batting: RHB Carlos Leal
|
0-0: SINGLE (Line Drive, 8RM, EV 93.8 MPH) James Cecchini scores Nelson Burciaga to third Jesus Vila to second
|
|
Batting: RHB Mike Miller
|
0-0: Ball 1-0: Called Strike 1-1: Ball 2-1: Called Strike 2-2: SINGLE (Line Drive, 89S, EV 106.3 MPH) Nelson Burciaga scores Jesus Vila to third Carlos Leal to second Runner from 3rd tries for Home, SAFE, throw by RF to home
|
|
Batting: RHB Johnny Tutt
|
0-0: SINGLE (Line Drive, 7S, EV 105.0 MPH) Carlos Leal to third Mike Miller to second Runner from 3rd tries for Home, SAFE, throw by LF to home
|
|
Batting: LHB Dave McLaughlin
|
0-0: Ball 1-0: Called Strike 1-1: Ball 2-1: Ball 3-1: Fly out, F8 (Flyball, 8LD, EV 90.0 MPH)
|
|
Batting: RHB Antonio Lopez
|
0-0: Ground out 5-3 (Groundball, 15, EV 84.4 MPH)
|
| Bottom of the 2nd over - 5 runs, 6 hits, 0 errors, 2 left on base; Kennewick 3 - Modesto 5 |
| TOP OF THE 3RD |
|
Kennewick Bear Cubs batting - Pitching for Modesto Nuts : RHP Kevin Price
|
|
Batting: LHB Jose Birriel
|
0-0: Ball 1-0: Called Strike 1-1: Foul Ball, location: 2F 1-2: Ball 2-2: Ground out 4-3 (Groundball, 4M, EV 106.3 MPH)
|
|
Batting: RHB Jonathan Black
|
0-0: Ball 1-0: Ball 2-0: Called Strike 2-1: Ball 3-1: SINGLE (Groundball, 5D, EV 100.0 MPH)
|
|
Batting: LHB Rob Nelson
|
0-0: 2-RUN HOME RUN (Flyball, 89XD, EV 94.4 MPH), Distance : 398 ft
|
|
Batting: RHB Ruben Machado
|
0-0: Called Strike 0-1: Called Strike 0-2: Ball 1-2: Ground out 1-3 (Groundball, 13S, EV 67.5 MPH)
|
|
Batting: LHB Tony Diaz
|
0-0: Ball 1-0: Called Strike 1-1: Ball 2-1: Ground out 6-3 (Groundball, 6, EV 80.6 MPH)
|
| Top of the 3rd over - 2 runs, 2 hits, 0 errors, 0 left on base; Kennewick 5 - Modesto 5 |
| BOTTOM OF THE 3RD |
|
Modesto Nuts batting - Pitching for Kennewick Bear Cubs : LHP Kevin Brown
|
|
Batting: RHB James Cecchini
|
0-0: Called Strike 0-1: Ball 1-1: Called Strike 1-2: Ball 2-2: Ball 3-2: Strikes out swinging
|
|
Batting: LHB Nelson Burciaga
|
0-0: Called Strike 0-1: Ball 1-1: Ball 2-1: Ball 3-1: SINGLE (Flyball, 78S, EV 93.8 MPH)
|
|
Batting: RHB Andre Lowe
|
0-0: Called Strike 0-1: Swinging Strike 0-2: Foul Ball, location: 2F 0-2: Foul Ball, location: 2F 0-2: Ball 1-2: Ball 2-2: Ball 3-2: Base on Balls Nelson Burciaga to second
|
|
Batting: RHB Jesus Vila
|
0-0: Foul Ball, location: 2F 0-1: Called Strike 0-2: Ball 1-2: Ball 2-2: Fly out, F8 (Flyball, 8RD, EV 103.1 MPH)
|
|
Batting: RHB Carlos Leal
|
0-0: Ball 1-0: Swinging Strike 1-1: Ball 2-1: Ball 3-1: Swinging Strike 3-2: Fly out, F8 (Line Drive, 8RM, EV 90.6 MPH)
|
| Bottom of the 3rd over - 0 runs, 1 hit, 0 errors, 2 left on base; Kennewick 5 - Modesto 5 |
| TOP OF THE 4TH |
|
Kennewick Bear Cubs batting - Pitching for Modesto Nuts : RHP Kevin Price
|
|
Batting: RHB Kenneth Whitfield
|
0-0: Ball 1-0: Fly out, F7 (Flyball, 7, EV 94.4 MPH)
|
|
Batting: LHB John Mizerock
|
0-0: Ball 1-0: Foul Ball, location: 2F 1-1: Ball 2-1: Ground out 6-3 (Groundball, 6D, EV 105.6 MPH)
|
|
Batting: LHB Russell Morena
|
0-0: Ball 1-0: Ball 2-0: Called Strike 2-1: Called Strike 2-2: Foul Ball, location: 2F 2-2: Ball 3-2: Foul Ball, location: 2F 3-2: Base on Balls
|
|
Batting: SHB Eriberto Them
|
0-0: Called Strike 0-1: 2-RUN HOME RUN (Flyball, 9D, EV 98.8 MPH), Distance : 376 ft
|
|
Pitching: RHP Glenn Ray
|
|
|
Batting: LHB Jose Birriel
|
0-0: Ball 1-0: Ball 2-0: Ground out U3 (Groundball, 3L, EV 83.1 MPH)
|
| Top of the 4th over - 2 runs, 1 hit, 0 errors, 0 left on base; Kennewick 7 - Modesto 5 |
| BOTTOM OF THE 4TH |
|
Modesto Nuts batting - Pitching for Kennewick Bear Cubs : LHP Kevin Brown
|
|
Batting: RHB Mike Miller
|
0-0: Ball 1-0: Foul Ball, location: 2F 1-1: Ball 2-1: DOUBLE (Line Drive, 78M, EV 93.8 MPH)
|
|
Batting: RHB Johnny Tutt
|
0-0: Ball 1-0: Ball 2-0: SINGLE (Line Drive, 56, EV 99.4 MPH) Mike Miller to third
|
|
Batting: LHB Dave McLaughlin
|
0-0: Called Strike Johnny Tutt is caught stealing 2nd base 2-6 0-1: SINGLE (Groundball, 6S, EV 66.3 MPH) (infield hit) Mike Miller scores
|
|
Pitching: RHP Jordan Alvarado
|
|
|
Batting: RHB Antonio Lopez
|
0-0: Foul Ball, location: 2F 0-1: Ball 1-1: Ball Dave McLaughlin steals 2nd base (no throw) 2-1: Fly out, F8 (Flyball, 8LD, EV 88.1 MPH)
|
|
Batting: RHB James Cecchini
|
0-0: Ball 1-0: Ball 2-0: Ball 3-0: Foul Ball, location: 2F 3-1: Called Strike 3-2: Base on Balls
|
|
Batting: LHB Nelson Burciaga
|
0-0: Called Strike 0-1: Foul Ball, location: 2F 0-2: Strikes out swinging
|
| Bottom of the 4th over - 1 run, 3 hits, 0 errors, 2 left on base; Kennewick 7 - Modesto 6 |
| TOP OF THE 5TH |
|
Kennewick Bear Cubs batting - Pitching for Modesto Nuts : RHP Glenn Ray
|
|
Batting: RHB Jonathan Black
|
0-0: Foul Ball, location: 2F 0-1: Ball 1-1: Ball 2-1: Fly out, F8 (Line Drive, 8LM, EV 91.9 MPH)
|
|
Batting: LHB Rob Nelson
|
0-0: Ball 1-0: Ball 2-0: SOLO HOME RUN (Flyball, 9D, EV 106.3 MPH), Distance : 367 ft
|
|
Batting: RHB Ruben Machado
|
0-0: Called Strike 0-1: Ball 1-1: Ball 2-1: DOUBLE (Line Drive, 5D, EV 105.0 MPH)
|
|
Batting: LHB Tony Diaz
|
0-0: Ball 1-0: Fly out, F8 (Flyball, 89D, EV 91.9 MPH) Runner from 2nd tags up, SAFE at 3rd, no throw by CF
|
|
Batting: RHB Kenneth Whitfield
|
0-0: Called Strike 0-1: Called Strike 0-2: Ball 1-2: Foul Ball, location: 2F 1-2: Foul Ball, location: 2F 1-2: Ball 2-2: Foul Ball, location: 2F 2-2: Foul Ball, location: 2F 2-2: Foul Ball, location: 2F 2-2: Fly out, F5 (Line Drive, 5, EV 66.9 MPH)
|
| Top of the 5th over - 1 run, 2 hits, 0 errors, 1 left on base; Kennewick 8 - Modesto 6 |
| BOTTOM OF THE 5TH |
|
Modesto Nuts batting - Pitching for Kennewick Bear Cubs : RHP Jordan Alvarado
|
|
Batting: RHB Andre Lowe
|
0-0: Called Strike 0-1: Swinging Strike 0-2: Ball 1-2: Foul Ball, location: 2F 1-2: Ball 2-2: Foul Ball, location: 2F 2-2: Foul Ball, location: 2F 2-2: Foul Ball, location: 2F 2-2: Foul Ball, location: 2F 2-2: Fly out, F9 (Flyball, 9D, EV 93.8 MPH)
|
|
Batting: RHB Jesus Vila
|
0-0: Ball 1-0: Ball 2-0: Ball 3-0: Base on Balls
|
|
Batting: RHB Carlos Leal
|
0-0: Called Strike 0-1: Ball 1-1: Ball 2-1: Swinging Strike 2-2: Foul Ball, location: 2F 2-2: Strikes out swinging
|
|
Batting: RHB Mike Miller
|
0-0: 2-RUN HOME RUN (Flyball, 89XD, EV 101.9 MPH), Distance : 417 ft
|
|
Batting: RHB Johnny Tutt
|
0-0: Ball 1-0: Called Strike 1-1: Foul Ball, location: 2F 1-2: Ball 2-2: Foul Ball, location: 2F 2-2: Strikes out swinging
|
| Bottom of the 5th over - 2 runs, 1 hit, 0 errors, 0 left on base; Kennewick 8 - Modesto 8 |
| TOP OF THE 6TH |
|
Kennewick Bear Cubs batting - Pitching for Modesto Nuts : RHP Glenn Ray
|
|
Batting: LHB John Mizerock
|
0-0: Ball 1-0: Called Strike 1-1: SINGLE (Line Drive, 4D, EV 105.6 MPH)
|
|
Batting: LHB Russell Morena
|
0-0: Sac Bunt to 5S - play at first, batter OUT! 5-4 John Mizerock to second
|
|
Batting: SHB Eriberto Them
|
0-0: Called Strike 0-1: Foul Ball, location: 2F 0-2: Foul Ball, location: 2F 0-2: Fly out, F9 (Flyball, 9D, EV 85.6 MPH) Runner from 2nd tags up, SAFE at 3rd, no throw by RF
|
|
Batting: LHB Jose Birriel
|
0-0: Ball 1-0: Ball 2-0: Ball 3-0: Base on Balls
|
|
Batting: RHB Jonathan Black
|
0-0: Called Strike 0-1: Called Strike 0-2: Fly out, F9 (Flyball, 89S, EV 96.9 MPH)
|
| Top of the 6th over - 0 runs, 1 hit, 0 errors, 2 left on base; Kennewick 8 - Modesto 8 |
| BOTTOM OF THE 6TH |
|
Modesto Nuts batting - Pitching for Kennewick Bear Cubs : RHP Jordan Alvarado
|
|
Batting: LHB Dave McLaughlin
|
0-0: Ball 1-0: Ball 2-0: Ground out 4-3 (Groundball, 4M, EV 105.6 MPH)
|
|
Batting: RHB Antonio Lopez
|
0-0: Ball 1-0: Called Strike 1-1: Ground out 6-3 (Groundball, 6, EV 88.8 MPH)
|
|
Batting: RHB James Cecchini
|
0-0: Ball 1-0: Ground out 4-3 (Groundball, 4M, EV 80.6 MPH)
|
| Bottom of the 6th over - 0 runs, 0 hits, 0 errors, 0 left on base; Kennewick 8 - Modesto 8 |
| TOP OF THE 7TH |
|
Kennewick Bear Cubs batting - Pitching for Modesto Nuts : RHP Glenn Ray
|
|
Batting: LHB Rob Nelson
|
0-0: Ball 1-0: Called Strike 1-1: Ball 2-1: Foul Ball, location: 2F 2-2: Ball 3-2: Base on Balls
|
|
Batting: RHB Ruben Machado
|
0-0: Called Strike 0-1: Called Strike 0-2: Ball 1-2: Ball 2-2: Ball Wild Pitch! Rob Nelson to second 3-2: Foul Ball, location: 2F 3-2: 2-RUN HOME RUN (Flyball, 7D, EV 99.4 MPH), Distance : 361 ft
|
|
Pitching: RHP Jon Mathews
|
|
|
Batting: LHB Tony Diaz
|
0-0: Called Strike 0-1: Foul Ball, location: 2F 0-2: Ball 1-2: Ball 2-2: Fly out, F9 (Flyball, 9LM, EV 88.1 MPH)
|
|
Batting: RHB Kenneth Whitfield
|
0-0: Foul Ball, location: 2F 0-1: Ball 1-1: Ball 2-1: SINGLE (Groundball, 4D, EV 106.3 MPH)
|
|
Batting: LHB John Mizerock
|
0-0: Ball 1-0: Ball 2-0: Swinging Strike 2-1: Foul Ball, location: 2F 2-2: Ball 3-2: Strikes out swinging
|
|
Batting: LHB Russell Morena
|
0-0: Called Strike 0-1: Called Strike 0-2: Strikes out swinging
|
| Top of the 7th over - 2 runs, 2 hits, 0 errors, 1 left on base; Kennewick 10 - Modesto 8 |
| BOTTOM OF THE 7TH |
|
Modesto Nuts batting - Pitching for Kennewick Bear Cubs : RHP Jordan Alvarado
|
|
Batting: LHB Nelson Burciaga
|
0-0: Swinging Strike 0-1: Called Strike 0-2: Ball 1-2: Ball 2-2: Fly out, F7 (Flyball, 7S, EV 90.6 MPH)
|
|
Batting: RHB Andre Lowe
|
0-0: Called Strike 0-1: Foul Ball, location: 2F 0-2: SINGLE (Flyball, 6MD, EV 86.3 MPH)
|
|
Batting: RHB Jesus Vila
|
0-0: Ball 1-0: Ball 2-0: Called Strike 2-1: Ball 3-1: Foul Ball, location: 2F 3-2: Ground out 3-1 (Groundball, 34S, EV 88.8 MPH) Andre Lowe to second
|
|
Batting: RHB Carlos Leal
|
0-0: Called Strike 0-1: DOUBLE (Line Drive, 5D, EV 96.3 MPH) Andre Lowe scores
|
|
Batting: RHB Mike Miller
|
0-0: Ball 1-0: Ball 2-0: Swinging Strike 2-1: Swinging Strike 2-2: Strikes out swinging
|
| Bottom of the 7th over - 1 run, 2 hits, 0 errors, 1 left on base; Kennewick 10 - Modesto 9 |
| TOP OF THE 8TH |
|
Kennewick Bear Cubs batting - Pitching for Modesto Nuts : RHP Jon Mathews
|
|
Batting: SHB Eriberto Them
|
0-0: Foul Ball, location: 2F 0-1: Foul Ball, location: 2F 0-2: Foul Ball, location: 2F 0-2: Ball 1-2: Ground out 2-3 (Groundball, 13S, EV 66.9 MPH)
|
|
Batting: LHB Jose Birriel
|
0-0: Fly out, F7 (Flyball, 7S, EV 96.3 MPH)
|
|
Batting: RHB Jonathan Black
|
0-0: Called Strike 0-1: Ball 1-1: Ball 2-1: SINGLE (Groundball, 6D, EV 103.1 MPH)
|
|
Batting: LHB Rob Nelson
|
0-0: Swinging Strike 0-1: Ball 1-1: Foul Ball, location: 2F 1-2: Ball 2-2: Foul Ball, location: 2F 2-2: Foul Ball, location: 2F 2-2: Ground out U3 (Groundball, 34, EV 81.3 MPH)
|
| Top of the 8th over - 0 runs, 1 hit, 0 errors, 1 left on base; Kennewick 10 - Modesto 9 |
| BOTTOM OF THE 8TH |
|
Modesto Nuts batting - Pitching for Kennewick Bear Cubs : RHP Jordan Alvarado
|
|
Pitching: RHP Glenn Simmons
|
|
|
Batting: RHB Johnny Tutt
|
0-0: Ball 1-0: Ball 2-0: SINGLE (Groundball, 4MD, EV 108.8 MPH)
|
|
Pitching: RHP Calvin Schiraldi
|
|
|
Batting: LHB Dave McLaughlin
|
0-0: Fly out, F3 (Line Drive, 3, EV 63.8 MPH)
|
|
Batting: RHB Antonio Lopez
|
0-0: Ball 1-0: Called Strike 1-1: Called Strike 1-2: SINGLE (Groundball, 34D, EV 95.0 MPH) Johnny Tutt to second Runner from 2nd tries for 3rd, SAFE, no throw by RF
|
|
Batting: RHB James Cecchini
|
0-0: Foul Ball, location: 2F 0-1: Ball 1-1: Ball 2-1: Swinging Strike 2-2: Ball 3-2: Fly out, F2 (Popup, 23F, EV 81.3 MPH)
|
|
Batting: LHB Nelson Burciaga
|
0-0: Ball 1-0: Called Strike 1-1: Ground out U3 (Groundball, 3, EV 97.5 MPH)
|
| Bottom of the 8th over - 0 runs, 2 hits, 0 errors, 2 left on base; Kennewick 10 - Modesto 9 |
| TOP OF THE 9TH |
|
Kennewick Bear Cubs batting - Pitching for Modesto Nuts : RHP Jon Mathews
|
|
Pitching: LHP Timothy Fagely
|
|
|
Batting: RHB Ruben Machado
|
0-0: Ball 1-0: Called Strike 1-1: Foul Ball, location: 2F 1-2: Fly out, F9 (Flyball, 9, EV 77.5 MPH)
|
|
Batting: LHB Tony Diaz
|
0-0: Ball 1-0: Called Strike 1-1: DOUBLE (Line Drive, 7LM, EV 109.4 MPH)
|
|
Batting: RHB Kenneth Whitfield
|
0-0: Intentional Walk
|
|
Pinch Runner at 2nd Jesus Lora:
|
|
|
Batting: LHB John Mizerock
|
0-0: Ball 1-0: Foul Ball, location: 2F 1-1: Ball 2-1: Called Strike 2-2: SINGLE (Line Drive, 7LS, EV 101.3 MPH) Jesus Lora to third Kenneth Whitfield to second Runner from 3rd tries for Home, SAFE, throw by LF to home
|
|
Batting: LHB Russell Morena
|
0-0: Ball 1-0: Called Strike 1-1: Ball 2-1: Foul Ball, location: 2F 2-2: Fly out, F6 (Line Drive, 6, EV 65.0 MPH)
|
|
Batting: SHB Eriberto Them
|
0-0: Ball 1-0: Ground out U3 (Groundball, 34S, EV 80.6 MPH)
|
| Top of the 9th over - 1 run, 2 hits, 0 errors, 2 left on base; Kennewick 11 - Modesto 9 |
| BOTTOM OF THE 9TH |
|
Modesto Nuts batting - Pitching for Kennewick Bear Cubs : RHP Calvin Schiraldi
|
|
Pitching: LHP Dan Yokubaitis
|
|
|
Now at SS: William Nunez
|
|
|
Batting: RHB Andre Lowe
|
0-0: Foul Ball, location: 2F 0-1: Called Strike 0-2: Ball 1-2: Fly out, F8 (Flyball, 8LM, EV 86.9 MPH)
|
|
Batting: RHB Jesus Vila
|
0-0: Fly out, F8 (Flyball, 78D, EV 91.3 MPH)
|
|
Batting: RHB Carlos Leal
|
0-0: Ball 1-0: Ground out 4-3 (Groundball, 4, EV 86.9 MPH)
|
| Bottom of the 9th over - 0 runs, 0 hits, 0 errors, 0 left on base; Kennewick 11 - Modesto 9 |
|